 Dungeon Crawl Stone Soup version 0.24-a0-509-ga1643a6788 (webtiles) character file.

Game seed: 2015559718363473278

1113 pk666 the Magician (level 8, -4/41 HPs)
             Began as a Deep Elf Wizard on July 19, 2019.
             Was an Initiate of Vehumet.
             Slain by a bullfrog (8 damage)
             ... on level 5 of the Dungeon on July 20, 2019.
             The game lasted 00:15:38 (8196 turns).

pk666 the Magician (Deep Elf Wizard)                Turns: 8196, Time: 00:15:39

Health: -4/41      AC:  5    Str:  4    XL:     8   Next: 11%
Magic:  6/21       EV: 13    Int: 26    God:    Vehumet [......]
Gold:   437        SH:  0    Dex: 13    Spells: 13/22 levels left

rFire    . . .     SeeInvis +   v - +0 dagger (venom)
rCold    . . .     Gourm    +   (no shield)
rNeg     . . .     Faith    .   a - +0 robe
rPois    .         Spirit   .   b - +0 hat
rElec    .         Reflect  .   t - +2 cloak {MR+}
rCorr    +         Harm     .   (no gloves)
MR       +....                  (no boots)
Stlth    ++........             n - amulet of the gourmand
HPRegen  0.13/turn              i - ring of see invisible
MPRegen  0.17/turn              u - ring of resist corrosion

@: very slightly contaminated
A: no striking features
a: Renounce Religion


You were on level 5 of the Dungeon.
You worshipped Vehumet.
Vehumet was noncommittal.
You were very full.

You visited 2 branches of the dungeon, and saw 7 of its levels.

You collected 437 gold pieces.

Inventory:

Hand Weapons
 v - a +0 dagger of venom (weapon)
Armour
 a - a +0 robe (worn)
 b - a +0 hat (worn)
 t - a +2 cloak of magic resistance (worn)
Jewellery
 i - a ring of see invisible (left hand)
 n - an amulet of the gourmand (around neck)
 u - a ring of resist corrosion (right hand)
Wands
 k - a wand of digging (7)
 p - a wand of scattershot (2)
Scrolls
 c - 2 scrolls of remove curse
 e - 4 scrolls of teleportation
 g - 2 scrolls of fear {unknown}
 l - 2 scrolls of magic mapping
 o - a scroll of random uselessness {unknown}
 q - a scroll of enchant armour {unknown}
 r - 2 scrolls of immolation {unknown}
 s - 2 scrolls of identify {unknown}
Potions
 f - 2 potions of curing {unknown}
 h - 2 potions of mutation {unknown}
 j - a potion of heal wounds {unknown}
 m - a potion of ambrosia {unknown}
 w - a potion of lignification {unknown}
Comestibles
 d - 12 rations


   Skills:
 - Level 3.1 Dodging
 - Level 2.4 Stealth
 + Level 7.7 Spellcasting
 + Level 5.3 Conjurations
   Level 1.1 Summonings
 - Level 3.0 Translocations
 + Level 4.6 Fire Magic
 - Level 2.0 Air Magic
 - Level 3.0 Poison Magic


You had 13 spell levels left.
You knew the following spells:

 Your Spells              Type           Power        Failure   Level  Hunger
a - Magic Dart            Conj           ####         1%          1    None
b - Blink                 Tloc           N/A          2%          2    None
c - Conjure Flame         Conj/Fire      #####...     2%          3    None
d - Mephitic Cloud        Conj/Pois/Air  ####....     4%          3    None

Your spell library contained the following spells:

 Spells                   Type           Power        Failure   Level  Hunger
 Call Imp                 Summ           ###.....     5%          2    None
 Slow                     Hex            ##......     9%          2    None


Dungeon Overview and Level Annotations

Branches:
Dungeon (6/15)             Temple (1/1) D:4

Altars:
Ashenzari
Cheibriados
Dithmenos
Elyvilon
Gozag
Kikubaaqudgha
Makhleb
Nemelex Xobeh
Okawaru
Qazlal
Ru
Trog
Vehumet
Wu Jian
Xom
The Shining One


Message History

The bullfrog is engulfed in noxious fumes.
The bullfrog appears confused.
The bullfrog is engulfed in noxious fumes.
The bullfrog appears confused.
Casting: Magic Dart (safe; 1% risk of failure)
Confirm with . or Enter, or press ? or * to list all spells.
Aiming: Magic Dart (safe; 1% risk of failure)
Press: ? - help, Shift-Dir - straight line, f/p - bullfrog
Aim: a bullfrog (moderately wounded, confused)
The magic dart hits the bullfrog!
The bullfrog is heavily wounded.
Casting: Magic Dart (safe; 1% risk of failure)
Confirm with . or Enter, or press ? or * to list all spells.
Aiming: Magic Dart (safe; 1% risk of failure)
Press: ? - help, Shift-Dir - straight line, f/p - bullfrog
Aim: a bullfrog (heavily wounded, confused)
The magic dart hits the bullfrog.
The bullfrog is severely wounded.
The bullfrog hits you!
You die...

...............##...........#
...............##...........#
...............##.........###
.......#.......##.°.>.....#
..........)<......°.......#
...........[..............#
.......#........#.........#
....(...(.......#F........#
................@.........#
..........................#
.###.............#.......##
.# ##..).........##.....## ##
##<....#...#...###### ##
###.#.###.#####..# .###.....#
#.### ##.# .#...#.#.# #...##
#.# ..[###..## #.#..###.##


You could see a bullfrog (confused).

Vanquished Creatures
  An ice beast (D:4)
  A sky beast (D:5)
  An ogre (D:6)
  A big kobold (D:5)
  A howler monkey (D:4)
  A crimson imp (D:5)
  2 hounds
  2 orc priests (D:5)
  A jelly (D:5)
  Crazy Yiuf (D:3)
  A centaur skeleton (D:3)
  An iguana (D:4)
  A bullfrog skeleton (D:6)
  Ijyb (D:3)
  4 orc wizards
  2 worker ants
  3 gnolls (D:3)
  A howler monkey skeleton (D:5)
  12 adders
  2 oozes
  An adder skeleton (D:4)
  A worm (D:3)
  4 leopard geckos
  15 orcs
  6 giant cockroaches
  10 goblins
  9 hobgoblins
  4 jackals (D:4)
  9 kobolds
  3 quokkas
  3 bats
  3 frilled lizards
  A leopard gecko skeleton (D:4)
  A quokka skeleton (D:5)
  4 rats
114 creatures vanquished.

Notes
Turn   | Place    | Note
-------+----------+-------------------------------------------
     0 | D:1      | pk666 the Deep Elf Wizard began the quest for the Orb.
     0 | D:1      | Reached XP level 1. HP: 10/10 MP: 7/7
   296 | D:1      | Reached XP level 2. HP: 15/15 MP: 5/9
   961 | D:2      | Reached XP level 3. HP: 19/19 MP: 4/11
   965 | D:2      | Learned a level 2 spell: Blink
   969 | D:2      | Learned a level 3 spell: Conjure Flame
   973 | D:2      | Learned a level 3 spell: Mephitic Cloud
  1071 | D:2      | Reached skill level 5 in Spellcasting
  1187 | D:2      | Found a faded altar of an unknown god.
  1532 | D:2      | Reached XP level 4. HP: 23/24 MP: 7/13
  2050 | D:3      | Noticed Ijyb
  2270 | D:3      | Reached skill level 1 in Fire Magic
  2270 | D:3      | Reached skill level 1 in Poison Magic
  2272 | D:3      | Reached skill level 1 in Air Magic
  2354 | D:3      | HP: 1/24 [Ijyb/+0 club (1)]
  2357 | D:3      | Killed Ijyb
  2710 | D:3      | Reached XP level 5. HP: 12/28 MP: 5/14
  3087 | D:3      | Found a shimmering altar of Xom.
  3101 | D:3      | Found a shimmering altar of Xom.
  3103 | D:3      | Found a shimmering altar of Xom.
  3824 | D:3      | Found a shimmering altar of Xom.
  3939 | D:3      | Found a runed translucent door.
  3940 | D:3      | Noticed Crazy Yiuf
  3998 | D:3      | Killed Crazy Yiuf
  4135 | D:4      | Reached XP level 6. HP: 32/32 MP: 7/16
  4654 | D:4      | Found a sparkling altar of Nemelex Xobeh.
  4720 | D:4      | Found a white marble altar of Elyvilon.
  4775 | D:4      | Found a shadowy altar of Dithmenos.
  4973 | D:4      | Reached skill level 6 in Spellcasting
  5068 | D:4      | Found a staircase to the Ecumenical Temple.
  5114 | Temple   | Entered the Ecumenical Temple
  5458 | D:4      | Found a sparkling altar of Nemelex Xobeh.
  5544 | D:4      | Found a radiant altar of Vehumet.
  5616 | D:4      | Became a worshipper of Vehumet
  5923 | D:5      | Entered Level 5 of the Dungeon
  6030 | D:5      | Noticed a sky beast
  6142 | D:5      | Reached XP level 7. HP: 36/36 MP: 5/18
  6651 | D:5      | Found an ancient bone altar of Kikubaaqudgha.
  7168 | D:5      | Reached skill level 7 in Spellcasting
  7526 | D:4      | Reached skill level 5 in Conjurations
  7526 | D:4      | Reached XP level 8. HP: 41/41 MP: 5/21
  8100 | D:6      | Found a bloodstained altar of Trog.
  8196 | D:5      | Slain by a bullfrog

Levels and vault maps discovered:
D:1:      roderic_crossed_star, layout_loops_ring
D:2:      layout_basic, chequers_ecumenical_altar_lobes
D:3:      kennysheep_the_goblin_king, layout_basic, overflow_temple_1_default,
          first_ration, hangedman_decor_points, xom_redecorated,
          uniq_crazy_yiuf_cottage
D:4:      layout_basic, nicolae_dithmenos_the_darkroom, kennysheep_little_box,
          nemelex_xobeh_ov_fountains_minmay, kennysheep_mini,
          minmay_temple_entry_ruins, nemelex_spade_bored_becter
D:5:      layout_rooms, kiku_gazebo_garden_becter
D:6:      layout_gridville, bloody_trog, serial_shops, shop, hex_medium,
          hangedman_decor_peaks_small
Temple:   compressed_dpeg_triangle_lava_temple

Skill      XL: |  1  2  3  4  5  6  7 |
---------------+----------------------+-----
Dodging        | 3 |  3.1
Conjurations   | 2 3 5 |  5.3
Spellcasting   | 5 6 7 |  7.7
Fire Magic     | 1 2 4 |  4.6
Poison Magic   | 1 2 3 |  3.0
Air Magic      | 1 2 |  2.0
Translocations | 2 3 |  3.0
Stealth        | |  2.4
Summonings     | |  1.1

Action                   |  1- 3 |  4- 6 |  7- 9 || total
-------------------------+-------+-------+-------++-------
Melee: Dagger            |       |    10 |     7 ||    17
 Cast: Magic Dart        |    78 |   210 |   131 ||   419
       Conjure Flame     |       |    14 |     7 ||    21
       Mephitic Cloud    |       |     4 |     9 ||    13
       Blink             |       |     6 |     6 ||    12
  Use: Scroll            |       |     3 |     1 ||     4
  Eat: Chunk             |     6 |    20 |     6 ||    32
Armor: Robe              |       |     4 |    13 ||    17
Dodge: Dodged            |     6 |    27 |    39 ||    72

Table legend:
 A = Non-vault XP
 B = Vault XP
 C = Vault XP percentage of total XP
 D = Non-vault monster count
 E = Vault monster count
 F = Vault count percentage of total count
                 A         B        C        D         E       F
            +---------+---------+-------+---------+---------+-------
      Total |    1503 |      87 |   5.5 |     106 |       8 |   7.0
            +---------+---------+-------+---------+---------+-------
        D:1 |      23 |       0 |   0.0 |      13 |       0 |   0.0
        D:2 |      90 |       0 |   0.0 |      16 |       0 |   0.0
        D:3 |     171 |      87 |  33.7 |      25 |       8 |  24.2
        D:4 |     424 |       0 |   0.0 |      25 |       0 |   0.0
        D:5 |     640 |       0 |   0.0 |      25 |       0 |   0.0
        D:6 |     155 |       0 |   0.0 |       2 |       0 |   0.0
            +---------+---------+-------+---------+---------+-------
